 Dungeon Crawl Stone Soup version 0.25-a0-614-g73ad250637 (webtiles) character file.

Game seed: 8372054817456183568, levelgen mode: deterministic

189 n0claF the Chopper (level 5, -4/53 HPs)
             Began as a Troll Fighter on Mar 17, 2020.
             Was an Initiate of Cheibriados.
             Slain by Robin
             ... wielding a +0 trident
              (6 damage)
             ... on level 3 of the Dungeon.
             The game lasted 00:04:49 (1668 turns).

n0claF the Chopper (Troll Fighter)                  Turns: 1668, Time: 00:04:49

Health: -4/53      AC:  6    Str: 26    XL:     5   Next: 40%
Magic:  4/4        EV:  8    Int:  5    God:    Cheibriados [......]
Gold:   139        SH:  9    Dex: 10    Spells: 4/4 levels left

rFire    . . .     SeeInvis .   a - +0 war axe
rCold    . . .     Gourm    +   c - +0 kite shield
rNeg     . . .     Faith    .   b - +0 robe
rPois    .         Spirit   .   (helmet restricted)
rElec    .         Reflect  .   (no cloak)
rCorr    .         Harm     .   (gloves unavailable)
MR       .....                  (boots unavailable)
Stlth    +.........             (no amulet)
HPRegen  0.57/turn              (no ring)
MPRegen  0.09/turn              (no ring)

@: mighty, hasted, very quick
A: large, unfitting armour, claws 3, fast metabolism 3, gourmand, regeneration
1, shaggy fur 1, tough skin 3
a: Bend Time, Renounce Religion


You were on level 3 of the Dungeon.
You worshipped Cheibriados.
Cheibriados was noncommittal.
You were very full.

You visited 1 branch of the dungeon, and saw 3 of its levels.

You collected 139 gold pieces.

Inventory:

Hand Weapons
 a - a +0 war axe (weapon)
Armour
 b - a +0 robe (worn)
 c - a +0 kite shield (worn)
Scrolls
 g - a scroll of amnesia {unknown}
 i - 2 scrolls of teleportation {unknown}
 k - 2 scrolls of enchant armour {unknown}
 l - a scroll of immolation {unknown}
 m - a scroll of identify {unknown}
 p - a scroll of random uselessness {unknown}
Potions
 d - a potion of might
 f - a potion of flight {unknown}
 h - a potion of berserk rage {unknown}
 j - a potion of curing {unknown}
 n - a potion of brilliance {unknown}
Comestibles
 e - 5 rations {!d}


   Skills:
 + Level 3.2 Fighting
 * Level 3.5 Axes
 + Level 3.2 Dodging
 - Level 2.4 Shields


You had 4 spell levels left.
You didn't know any spells.
Your spell library was empty.

Dungeon Overview and Level Annotations

Branches:
Dungeon (3/15)

Altars:
Ashenzari
Cheibriados
Hepliaklqana
Uskayaw

Annotations:
D:3 Robin


Innate Abilities, Weirdness & Mutations

You are too large for most types of armour.
You have claws for hands.
Your metabolism is lightning-fast.
You like to eat raw meat.
Your natural rate of healing is unusually fast.
You are covered in fur. (AC +1)
You have extremely tough skin. (AC +3)


Message History

* * * LOW HITPOINT WARNING * * *
The goblin shouts!
You closely miss the goblin. You hit the hobgoblin.
The goblin unwields a +0 dagger.
The goblin wields a +0 hunting sling.
The goblin shoots a stone.
The stone hits you but does no damage. You block the goblin's attack.
A goblin comes into view. It is wielding a +0 club.
Robin barely misses you.
You feel very mighty all of a sudden. The goblin barely misses you.
Robin hits you from afar with a +0 trident.
* * * LOW HITPOINT WARNING * * *
The hobgoblin misses you.
Your shield prevents you from hitting the goblin.
The goblin shouts!
You slash the hobgoblin!
You kill the hobgoblin!
Cheibriados thoroughly appreciates the change of pace.
You block the goblin's attack.
The goblin shoots a stone.
The stone hits you but does no damage.
Robin hits you from afar with a +0 trident.
* * * LOW HITPOINT WARNING * * *
The goblin hits you but does no damage.
You slice the goblin!!
You kill the goblin!
Cheibriados appreciates the change of pace.
The goblin shoots a stone.
The stone hits you.
* * * LOW HITPOINT WARNING * * *
You block Robin's attack.
It was a potion of haste.
You feel yourself speed up.
Cheibriados forgives your accidental hurry, just this once.
Robin hits you but does no damage. You block the goblin's attack.
Robin hits you but does no damage.
You slash the goblin!
You kill the goblin!
Your shield prevents you from hitting the goblin.
The goblin shoots a stone.
You block the stone. You block the goblin's attack.
Robin throws the goblin at you!
You completely miss the goblin. The goblin hits you with a +0 dagger.
* * * LOW HITPOINT WARNING * * *
You block Robin's attack.
You barely miss the goblin.
The goblin no longer looks unusually strong.
You block the goblin's attack.
You slice the goblin!!
You kill the goblin!
You slash the goblin!
You kill the goblin!
Robin hits you from afar with a +0 trident.
You die...

...####g.........###
#.......##...#
#))###.....#.#
#.).##.....#.#
###........###
#..#..##...#
##.....##.#.#
#......g))#.#
##....###@#.# ##...#
#.################
##..#
#.##.#..<........# #..#
#.##.#...........#
#..###.###............#
#...##.# ######.......#
#...##.# #.......#
#....#.# #.......#
#....#.#########'######


You could see Robin.

Vanquished Creatures
  An orc priest (D:3)
  Jessica (D:2)
  Terence (D:2)
  3 adders
  3 worms (D:2)
  3 dart slugs
  A leopard gecko (D:2)
  4 orcs (D:3)
  A ball python (D:2)
  3 bats (D:2)
  5 hobgoblins
  2 jackals (D:1)
  2 quokkas (D:2)
  7 frilled lizards
  17 goblins
  6 kobolds
  A leopard gecko zombie (D:2)
  A quokka skeleton (D:3)
  6 rats
68 creatures vanquished.

Notes
Turn   | Place    | Note
-------+----------+-------------------------------------------
     0 | D:1      | n0claF the Troll Fighter began the quest for the Orb.
     0 | D:1      | Reached XP level 1. HP: 22/22 MP: 0/0
   177 | D:1      | Reached XP level 2. HP: 29/29 MP: 1/1
   389 | D:1      | Found a shattered altar of Ashenzari.
   702 | D:2      | Found a hide-covered altar of Uskayaw.
   702 | D:2      | Noticed a +0 dagger
   703 | D:2      | Noticed a +0 dagger
   764 | D:2      | Reached XP level 3. HP: 34/36 MP: 2/2
   815 | D:2      | You fall into a shaft and drop 1 floor!
   835 | D:2      | Noticed Jessica
   843 | D:2      | Killed Jessica
   843 | D:2      | Reached XP level 4. HP: 43/44 MP: 3/3
   928 | D:2      | Found a snail-covered altar of Cheibriados.
  1254 | D:2      | Noticed Terence
  1268 | D:2      | Killed Terence
  1379 | D:2      | Found a hazy altar of Hepliaklqana.
  1488 | D:2      | Became a worshipper of Cheibriados the Contemplative
  1533 | D:3      | Reached XP level 5. HP: 53/53 MP: 4/4
  1639 | D:3      | Noticed Robin
  1666 | D:3      | HP: 1/53 [goblin/+0 dagger[Robin] (4)]
  1668 | D:3      | Slain by Robin

Levels and vault maps discovered:
D:1:      dpeg_arrival_rooms_a, layout_loops_ring, grunt_decor_fettered,
          nicolae_ashenzari_panopticon
D:2:      layout_loops_ring, nicolae_overflow_hidden_temple,
          kennysheep_slug_shrine, dancing_weapons_uskayaw, uniq_jessica,
          uniq_terence
D:3:      layout_basic, tgw_xom, serial_undead, serial_undead_e,
          serial_undead_c, serial_undead_e, serial_undead_a, uniq_robin,
          uniq_crazy_yiuf_cottage

Skill      XL: |  1  2  3  4 |
---------------+-------------+-----
Axes           | 2 3 |  3.5
Fighting       | 3 |  3.2
Dodging        | 3 |  3.2
Shields        | |  2.4

Action                   |  1- 3 |  4- 6 || total
-------------------------+-------+-------++-------
Melee: War axe           |   112 |   110 ||   222
  Use: Potion            |       |     2 ||     2
  Eat: Chunk             |    12 |     8 ||    20
Armor: Robe              |    53 |    41 ||    94
Dodge: Dodged            |    40 |    42 ||    82
Block: Kite shield       |    59 |    58 ||   117

Table legend:
 A = Non-vault XP
 B = Vault XP
 C = Vault XP percentage of total XP
 D = Non-vault monster count
 E = Vault monster count
 F = Vault count percentage of total count
                 A         B        C        D         E       F
            +---------+---------+-------+---------+---------+-------
      Total |     175 |      96 |  35.4 |      54 |      14 |  20.6
            +---------+---------+-------+---------+---------+-------
        D:1 |      30 |       0 |   0.0 |      20 |       0 |   0.0
        D:2 |      77 |      77 |  50.0 |      26 |       3 |  10.3
        D:3 |      68 |      19 |  21.8 |       8 |      11 |  57.9
            +---------+---------+-------+---------+---------+-------
